 Dungeon Crawl Stone Soup version 0.25-a0-435-g4b9beb1024 (webtiles) character file.

Game seed: 13172548724217830518, levelgen mode: deterministic

443 kae the Changer (level 6, -3/47 HPs)
             Began as a Draconian Transmuter on Jan 29, 2020.
             Killed by divine providence
             ... invoked by an orc priest
              (13 damage)
             ... on level 4 of the Dungeon.
             The game lasted 00:02:53 (4545 turns).

kae the Changer (Draconian Transmuter)              Turns: 4545, Time: 00:02:54

Health: -3/47      AC:  2    Str: 12    XL:     6   Next: 71%
Magic:  7/9        EV: 19    Int: 13    God:
Gold:   202        SH:  0    Dex: 19    Spells: 3/9 levels left

rFire    . . .     SeeInvis .     - Unarmed
rCold    . . .     Gourm    .   (shield currently unavailable)
rNeg     . . .     Faith    .   (armour unavailable)
rPois    x         Spirit   .   (helmet currently unavailable)
rElec    .         Reflect  .   (cloak currently unavailable)
rCorr    .         Harm     .   (gloves currently unavailable)
MR       .....                  (boots currently unavailable)
Stlth    ++........             (no amulet)
HPRegen  0.15/turn              (no ring)
MPRegen  0.11/turn              (no ring)

@: spider-form
A: tiny, unfitting armour, AC +6
a: End Transformation


You were on level 4 of the Dungeon.
You were hungry.
You were a venomous arachnid creature.
You visited 1 branch of the dungeon, and saw 4 of its levels.

You collected 202 gold pieces.

Inventory:

Hand Weapons
 h - a +1 hand axe (melded)
Missiles
 a - 22 arrows
Armour
 j - a +1 cloak (melded)
 k - a +2 hat (melded)
 m - a +0 pair of gloves (melded)
Scrolls
 b - 5 scrolls of identify
 e - a scroll of amnesia
 f - a scroll of remove curse
 g - a scroll of fear {unknown}
Potions
 d - 3 potions of curing
 i - 2 potions of brilliance
 l - a potion of invisibility
 n - a potion of agility
 o - a potion of degeneration {unknown}
Comestibles
 c - 6 rations


   Skills:
 - Level 1.1 Fighting
 - Level 1.7 Dodging
 + Level 5.0 Unarmed Combat
 - Level 2.0 Spellcasting
 * Level 6.0 Transmutations


You had 3 spell levels left.
You knew the following spells:

 Your Spells              Type           Power        Failure   Level  Hunger
a - Beastly Appendage     Tmut           ###...       9%          1    ##.....
b - Sticks to Snakes      Tmut           ###.....     11%         2    ###....
c - Spider Form           Tmut/Pois      #.........   43%         3    ####...

Your spell library contained the following spells:

 Spells                   Type           Power        Failure   Level  Hunger
 Blade Hands              Tmut           ###.......   73%         5    ######.
 Ice Form                 Ice/Tmut       #.......     78%         4    #####..


Dungeon Overview and Level Annotations

Branches:
Dungeon (4/15)
 Temple: D:4-7

Altars:
Cheibriados
Kikubaaqudgha
The Shining One


Innate Abilities, Weirdness & Mutations

((Your plain brown scales are hard. (AC +6)))
You cannot fit into any form of body armour.
((You are cold-blooded and may be slowed by cold attacks.))


Message History

You barely miss the orc.
The orc wizard gestures wildly while chanting.
The orc wizard blinks!
The orc hits you with a +0 dagger.
You hit the orc.
The orc is poisoned.
The orc is severely wounded.
The orc wizard casts a spell.
The orc wizard seems to speed up.
The orc hits you with a +0 dagger.
* * * LOW HITPOINT WARNING * * *
You bite the orc!
You kill the orc!
The orc wizard casts a spell at you. You resist with some effort.
Things that are here:
a +0 dagger; a +0 leather armour You closely miss the orc wizard.
The orc wizard hits you with a +0 dagger.
* * * LOW HITPOINT WARNING * * *
The orc priest mumbles some strange prayers to Beogh against you.
Beogh smites you!
You die...

#..........# ##.....#.#
#..)[)..#.# #........##
##.....##.# #.........##
####...###.#####....[.....#
####..........................
#.....[..####.................
#.#####..# #.#############.##
##.# #..# #[# #.# #..# #..#
#s# #.# #..# #.## #o# #รท#
#..#####.# #o# #.# #........#
#.# ##.## #.###.##(# #.# #...#
#.# #>##.# #.# ###...# #.#
#.##.#####.# #...... #.#
#..........# #...... #.#
###.############## #...<..


You could see an orc priest and an orc wizard.

Vanquished Creatures
  An ogre (D:4)
  A howler monkey (D:4)
  A crimson imp (D:3)
  2 orc wizards (D:4)
  A bullfrog skeleton (D:4)
  2 orc priests (D:4)
  An iguana (D:4)
  A worker ant (D:4)
  4 worms
  4 dart slugs
  3 leopard geckos
  5 orcs (D:4)
  5 bats
  2 giant cockroaches
  7 goblins
  11 hobgoblins
  6 jackals
  5 kobolds
  A ball python (D:1)
  2 frilled lizards
  6 rats
71 creatures vanquished.

Notes
Turn   | Place    | Note
-------+----------+-------------------------------------------
     0 | D:1      | kae the Draconian Transmuter began the quest for the Orb.
     0 | D:1      | Reached XP level 1. HP: 16/16 MP: 3/3
   519 | D:1      | Reached XP level 2. HP: 21/23 MP: 3/5
   973 | D:1      | Reached skill level 3 in Transmutations
  1509 | D:2      | Found an ancient bone altar of Kikubaaqudgha.
  1537 | D:2      | Reached XP level 3. HP: 8/28 MP: 6/6
  1762 | D:2      | Learned a level 2 spell: Sticks to Snakes
  1766 | D:2      | Learned a level 3 spell: Spider Form
  2924 | D:3      | Reached XP level 4. HP: 35/35 MP: 0/7
  3199 | D:3      | Found a snail-covered altar of Cheibriados.
  3317 | D:3      | Reached skill level 4 in Transmutations
  3777 | D:4      | Reached XP level 5. HP: 28/40 MP: 1/8
  3908 | D:4      | Reached skill level 5 in Transmutations
  4073 | D:4      | Reached XP level 6. HP: 44/47 MP: 7/9
  4115 | D:4      | Found a glowing golden altar of the Shining One.
  4376 | D:4      | Reached skill level 5 in Unarmed Combat
  4376 | D:4      | Reached skill level 6 in Transmutations
  4545 | D:4      | Killed from afar by an orc priest

Levels and vault maps discovered:
D:1:      dpeg_arrival_stonehenge_8_columns, layout_basic
D:2:      layout_basic, overflow_temple_1_default
D:3:      layout_basic, kennysheep_slug_shrine
D:4:      layout_loops_ring, nicolae_tso_carved_into_rock, minmay_goblin_outpost

Skill      XL: |  1  2  3  4  5  6 |
---------------+-------------------+-----
Transmutations | 3 4 5 6 |  6.0
Unarmed Combat | 4 5 |  5.0
Fighting       | |  1.1
Dodging        | |  1.7
Spellcasting   | |  2.0

Action                   |  1- 3 |  4- 6 || total
-------------------------+-------+-------++-------
Melee: Unarmed           |    17 |    80 ||    97
       Hand axe          |    79 |    60 ||   139
       Tailslap          |    15 |     8 ||    23
       Kick              |     3 |     4 ||     7
       Headbutt          |     4 |       ||     4
       Punch             |     2 |     3 ||     5
 Cast: Beastly Appendage |    18 |     4 ||    22
       Spider Form       |     1 |    13 ||    14
  Use: Scroll            |     9 |     1 ||    10
 Stab: Sleeping          |       |     2 ||     2
  Eat: Chunk             |     1 |     6 ||     7
       Ration            |     2 |       ||     2
Armor: Skin              |    20 |    31 ||    51
Dodge: Dodged            |    56 |   118 ||   174

Table legend:
 A = Non-vault XP
 B = Vault XP
 C = Vault XP percentage of total XP
 D = Non-vault monster count
 E = Vault monster count
 F = Vault count percentage of total count
                 A         B        C        D         E       F
            +---------+---------+-------+---------+---------+-------
      Total |     621 |      12 |   1.9 |      66 |       5 |   7.0
            +---------+---------+-------+---------+---------+-------
        D:1 |      34 |       0 |   0.0 |      19 |       0 |   0.0
        D:2 |      29 |       0 |   0.0 |      12 |       0 |   0.0
        D:3 |      71 |       4 |   5.3 |      13 |       1 |   7.1
        D:4 |     487 |       8 |   1.6 |      22 |       4 |  15.4
            +---------+---------+-------+---------+---------+-------
